 Dungeon Crawl Stone Soup version 0.31-a0-716-gc7603755dd (webtiles) character file.

Game seed: 15197550119192002133

17 cforsyth the Trooper (level 2, 0/25 HPs)
             Began as a Djinni Chaos Knight on Sept 9, 2023.
             Was a Plaything of Xom.
             Slain by a worm (8 damage)
             ... on level 2 of the Dungeon on Sept 10, 2023.
             The game lasted 00:01:54 (783 turns).

cforsyth the Trooper (Djinni Chaos Knight)           Turns: 783, Time: 00:01:55

Health: 0/25       AC:  6    Str: 11    XL:     2   Next: 80%
Gold:   23         EV: 11    Int: 13    God:    Xom [..*...] SH:  0 Dex: 12

rFire   + + .        a - +0 falchion (chaos)
rCold   x . .        (no shield)
rNeg    . . .        b - +2 leather armour
rPois   ∞            (no helmet)
rElec   .            (no cloak)
rCorr   .            e - +0 pair of gloves
SInv    .            (boots unavailable)
Will    .....        (no amulet)
Stlth   +            (no ring)
HPRegen 0.24/turn    (no ring)
MPRegen 0.00/turn

%: infuse magic (-1 HP)
@: flying
A: sickness immunity, fire resistance 2, cold vulnerability 1, float, innate
caster, HP casting, extra vitality 1
a: Renounce Religion


You were on level 2 of the Dungeon.
You worshipped Xom.
You were a toy of Xom.
You visited 1 branch of the dungeon, and saw 2 of its levels.

You collected 23 gold pieces.

Inventory:

Hand Weapons
 a - a +0 falchion of chaos (weapon)
Armour
 b - a +2 leather armour (worn)
 e - a +0 pair of gloves (worn)
Scrolls
 c - a scroll of butterflies
 f - 2 scrolls of enchant armour {unknown}
 g - 2 scrolls of blinking {unknown}
Potions
 d - a potion of enlightenment {unknown}
 h - 2 potions of haste {unknown}


   Skills:
 + Level 3.4 Fighting
 - Level 2.6 Long Blades
 - Level 1.0 Armour
 - Level 2.1 Dodging
 + Level 1.0 Spellcasting
 + Level 1.0 Conjurations
 + Level 1.0 Hexes
   Level 0.0 Charms
 + Level 1.0 Summonings
 + Level 1.0 Necromancy
 + Level 1.0 Translocations
 + Level 1.0 Transmutations
 + Level 1.0 Fire Magic
 + Level 1.0 Ice Magic
 + Level 1.0 Air Magic
 + Level 1.0 Earth Magic
 + Level 1.0 Poison Magic You didn't know any spells. Your spell library was empty.

Dungeon Overview and Level Annotations

Branches:
Dungeon (2/15)

Altars:

Shops:
D:1 *


Innate Abilities, Weirdness & Mutations

You are immune to sickness and miasma.
You are immune to poison.
Your flesh is very heat resistant. (rF++)
You are vulnerable to cold. (rC-)
You float through the air rather than walking.
You learn spells naturally, not from books.
Your magical power is your life essence.
You have superior vitality. (+4 MHP)


Message History

There is an open door here.
There is an open door here.
You reach down and open the door.
There is an open door here.
A rat comes into view.
Found 5 stones.
A rat is nearby!
A rat is nearby!
A worm comes into view.
The rat completely misses you.
You hit the rat but do no damage. The rat bites you but does no damage.
You hit the rat.
You kill the rat!
You hit the worm. You freeze the worm.
The worm is lightly wounded.
The worm barely misses you.
You completely miss the worm.
The worm is lightly wounded.
The worm bites you!
A shower of butterflies erupts from you!
You slash the worm!
The worm seems to grow stronger.
Xom thinks this is hilarious!
The worm is heavily wounded.
You hit the worm but do no damage.
The worm goes berserk!
The worm is heavily wounded.
The worm bites you!
You are too injured to fight recklessly!
You are too injured to fight recklessly!
You are too injured to fight recklessly!
You are too injured to fight recklessly!
You are too injured to fight recklessly!
You are too injured to fight recklessly!
You are too injured to fight recklessly!
You are too injured to fight recklessly!
You are too injured to fight recklessly!
You are too injured to fight recklessly!
You hit the worm but do no damage.
The worm is heavily wounded.
The worm bites you!
You die...

#############
#............
#.#######.##. #.# ####'
#####.# ##≈≈≈. ...#.#
#≈≈... ####.#####.#.#
#≈...♣ ......w@.....#
+..♣..
###......b........#≈....
.......b.b....#####≈..♣.
###..#####.##.# #≈≈...
#.. ..# .# ##≈≈.≈ #.
#### .# ####'# # .#
#..#.# #..... #.####


You could see a worm (berserk, strong, ally target).

Vanquished Creatures
  2 ball pythons (D:1)
  4 bats (D:1)
  A goblin (D:2)
  A hobgoblin (D:1)
  3 kobolds
  A quokka (D:1)
  2 frilled lizards
  4 rats
18 creatures vanquished.

Notes
Turn   | Place    | Note
-------+----------+-------------------------------------------
     0 | D:1      | cforsyth the Djinni Chaos Knight began the quest for the
                  | Orb.
     0 | D:1      | Reached XP level 1. HP: 20/20 MP: 0/0
     0 | D:1      | Upgraded the game from 0.31-a0-705-ga145531891 to
                  | 0.31-a0-716-gc7603755dd
    79 | D:1      | Found Hiap's Assorted Antiques.
   174 | D:1      | XOM: silly message
   202 | D:1      | Reached XP level 2. HP: 21/25 MP: 0/0
   223 | D:1      | XOM: silly message
   688 | D:2      | Reached skill level 1 in Spellcasting
   688 | D:2      | Reached skill level 1 in Conjurations
   688 | D:2      | Reached skill level 1 in Hexes
   688 | D:2      | Reached skill level 1 in Summonings
   688 | D:2      | Reached skill level 1 in Necromancy
   688 | D:2      | Reached skill level 1 in Translocations
   688 | D:2      | Reached skill level 1 in Transmutations
   688 | D:2      | Reached skill level 1 in Fire Magic
   688 | D:2      | Reached skill level 1 in Ice Magic
   688 | D:2      | Reached skill level 1 in Air Magic
   688 | D:2      | Reached skill level 1 in Earth Magic
   688 | D:2      | Reached skill level 1 in Poison Magic
   780 | D:2      | XOM: butterfly on damage
   783 | D:2      | Slain by a worm

Illustrated notes

Levels and vault maps discovered:
D:1:      wander_arrival_abandoned_jail, layout_basic, serial_shops, shop
D:2:      layout_loops_ring, basic_altar,
          shapermc_ecumenical_altar_mp_highgroup, corexii_shack,
          kennysheep_another_room

Skill      XL: |  1  2 |
---------------+-------+-----
Spellcasting   | 1 |  1.0
Conjurations   | 1 |  1.0
Hexes          | 1 |  1.0
Summonings     | 1 |  1.0
Necromancy     | 1 |  1.0
Translocations | 1 |  1.0
Transmutations | 1 |  1.0
Fire Magic     | 1 |  1.0
Ice Magic      | 1 |  1.0
Air Magic      | 1 |  1.0
Earth Magic    | 1 |  1.0
Poison Magic   | 1 |  1.0
Fighting       | |  3.4
Long Blades    | |  2.6
Armour         | |  1.0
Dodging        | |  2.1

Action                     || total
---------------------------++-------
  Melee: Falchion          ||    73
         Punch             ||     1
   Stab: Petrifying        ||     1
 Armour: Leather armour    ||    59
  Dodge: Dodged            ||    41

Table legend: (Time is in decaauts)
 A = Elapsed time spent in this place.
 B = Non-inter-level travel time spent in this place.
 C = Inter-level travel time spent in this place.
 D = Time resting spent in this place.
 E = Time spent auto-exploring this place.
 F = Levels seen in this place.
 G = Mean time per level.
                   A        B        C        D        E       F      G
               +--------+--------+--------+--------+--------+-----+--------+
         Total |    795 |    765 |     30 |      0 |    596 |   2 |  397.5 |
       Dungeon |    795 |    765 |     30 |      0 |    596 |   2 |  397.5 |
               +--------+--------+--------+--------+--------+-----+--------+

Top non-repeatable levels by time:
     D:1: 676 daAuts
     D:2: 118 daAuts
